[Event "Team 45 45 League T39"]
[Site "Internet Chess Club"]
[Date "2008.10.23"]
[Round "1"]
[White "fledermaus"]
[Black "palito"]
[Result "1/2-1/2"]
[WhiteElo "1990"]
[BlackElo "2114"]
[Opening "Nimzo-Indian: classical, Milner-Barry (Zurich) variation"]
[ECO "E33"]
[Time "14:09:04"]
[TimeControl "2700+45"]

1. d4 Nf6 2. c4 e6 3. Nc3 Bb4 4. Qc2 Nc6 5. Nf3 d6 6. a3 Bxc3+ 7. Qxc3 Qe7 8. e3
e5 9. Be2 Bg4 10. dxe5 dxe5 11. b4 Bxf3 12. Bxf3 e4 13. Be2 Rd8 14. Bb2 O-O 15.
O-O Rfe8 16. Rfd1 Qf8 17. Qc2 Qe7 18. Qc3 Qe6 19. c5 Qf5 20. h3 Qg6 21. Bb5 a6
22. Bxc6 bxc6 23. Qc4 Nd5 24. Qxa6 f5 25. Qc4 Kh8 26. b5 cxb5 27. Qxb5 Rb8 28.
Qe2 c6 29. g3 f4 30. Bd4 fxg3 31. fxg3 Qxg3+ 32. Qg2 Qxg2+ 33. Kxg2 Rb3 34. Kf2
Kg8 35. Ke2 Ra8 36. a4 Nc3+ 37. Bxc3 Rxc3 38. Rd4 Rc2+ 39. Kd1 Rh2 40. Kc1 Rf8
41. Ra3 Rf1+ 42. Rd1 Rxd1+ 43. Kxd1 Rxh3 44. a5 Rf3 45. a6 Rf8 46. Rb3 Rf1+ 47.
Ke2 Ra1 48. Rb6 Ra2+ 49. Kf1 h5 50. Rxc6 Kf7 51. Rb6 Ke7 52. Rb7+ Ke6 53. Rxg7
Kd5 54. Rg5+ Kc4 55. Rxh5 Rxa6 56. Kf2 Rc6 57. Kg3 Rxc5 58. Rxc5+ Kxc5 59. Kf4
Kd6 60. Kf5 Kd5 61. Kf4 Kd6 62. Kxe4 Ke6 {Game drawn by mutual agreement}
1/2-1/2

[Event "Team 45 45 League T39"]
[Site "Internet Chess Club"]
[Date "2008.11.01"]
[Round "1"]
[White "chiiwen"]
[Black "baumhauer"]
[Result "1/2-1/2"]
[WhiteElo "2077"]
[BlackElo "1958"]
[Opening "Ruy Lopez: closed, anti-Marshall 8.a4"]
[ECO "C88"]
[Time "11:27:22"]
[TimeControl "2700+45"]

1. e4 e5 2. Nf3 Nc6 3. Bb5 a6 4. Ba4 Nf6 5. O-O Be7 6. Re1 b5 7. Bb3 O-O 8. a4
Bb7 9. d3 d6 10. Nbd2 Na5 11. Ba2 c5 12. Nf1 b4 13. N1d2 Qd7 14. Bc4 Qg4 15. h3
Qh5 16. b3 Nd7 17. Nf1 Qg6 18. Ng3 Rfe8 19. Nf5 Nxc4 20. bxc4 Qe6 21. h4 Nf6 22.
Bg5 Bf8 23. Nh2 h6 24. Bxf6 Qxf6 25. Ng4 Qe6 26. h5 Kh7 27. Qf3 g6 28. hxg6+
fxg6 29. Nfe3 Bg7 30. Nd5 Rf8 31. Qg3 Bxd5 32. exd5 Qd7 33. Re4 h5 34. Nh2 Bh6
35. Nf3 Bf4 36. Qh4 Qf5 37. Qe7+ Rf7 38. Qxd6 h4 39. Qe6 g5 40. Rxf4 gxf4 41.
Qxf7+ Qxf7 42. Ng5+ Kg6 43. Nxf7 Kxf7 44. Kh2 Kf6 45. Kh3 Kf5 46. Re1 Rb8 47.
Rb1 a5 48. f3 Rb6 49. Kh2 Rg6 50. Rh1 Rb6 51. Rb1 Rg6 {Game drawn by mutual
agreement} 1/2-1/2

[Event "Team 45 45 League T39"]
[Site "Internet Chess Club"]
[Date "2008.10.26"]
[Round "1"]
[White "Bookkeeper"]
[Black "Timotheous"]
[Result "0-1"]
[WhiteElo "1565"]
[BlackElo "1688"]
[Opening "Sicilian"]
[ECO "B50"]
[Time "15:04:25"]
[TimeControl "2700+45"]

1. e4 c5 2. Nf3 d6 3. c3 Nf6 4. Bd3 Nc6 5. Bc2 Bg4 6. h3 Bxf3 7. Qxf3 g6 8. O-O
Bg7 9. d3 O-O 10. Nd2 b5 11. e5 Nxe5 12. Qe3 Qc7 13. f4 Nc6 14. f5 Nd4 15. cxd4
cxd4 16. Qe2 Qxc2 17. fxg6 fxg6 18. b3 e5 19. Ba3 Qc6 20. Rac1 Qd7 21. Rc2 Rac8
22. Rfc1 Rxc2 23. Rxc2 Nd5 24. Ne4 b4 25. Bb2 Nc3 26. Bxc3 dxc3 27. a3 a5 28.
axb4 axb4 29. Nf2 d5 30. Qg4 Qxg4 31. Nxg4 e4 32. dxe4 dxe4 33. Ne3 Bd4 {White
resigns} 0-1

[Event "Team 45 45 League T39"]
[Site "Internet Chess Club"]
[Date "2008.10.27"]
[Round "1"]
[White "OGO"]
[Black "BlunderJack"]
[Result "1-0"]
[WhiteElo "1636"]
[BlackElo "1563"]
[Opening "Sicilian, Chekhover variation"]
[ECO "B53"]
[Time "15:06:10"]
[TimeControl "2700+45"]

1. e4 c5 2. Nf3 d6 3. d4 cxd4 4. Qxd4 Nc6 5. Bb5 Bd7 6. Bxc6 Bxc6 7. Nc3 Nf6 8.
Bg5 e6 9. O-O-O Be7 10. Rhe1 O-O 11. Kb1 Qc7 12. e5 dxe5 13. Nxe5 Rfd8 14. Qf4
Bxg2 15. Rg1 Rxd1+ 16. Nxd1 Rd8 17. Ne3 Nd5 18. Qxf7+ Kh8 19. Nxd5 Bxd5 20. Bxe7
Rg8 21. Qf6 Bxa2+ {Black resigns} 1-0

[Event "Team 45 45 League T39"]
[Site "Internet Chess Club"]
[Date "2008.10.26"]
[Round "1"]
[White "dougmo"]
[Black "RD1974"]
[Result "0-1"]
[WhiteElo "1519"]
[BlackElo "1585"]
[Opening "Scandinavian: Pytel-Wade variation"]
[ECO "B01"]
[Time "18:05:10"]
[TimeControl "2700+45"]

1. e4 d5 2. exd5 Qxd5 3. Nc3 Qd6 4. g3 Qc6 5. Nf3 a6 6. Bg2 Qe6+ 7. Qe2 Qxe2+ 8.
Nxe2 Nc6 9. d4 Nf6 10. O-O Bf5 11. c3 h6 12. Ne5 Nd8 13. Be3 c6 14. Rac1 Ng4 15.
h3 Nxe5 16. dxe5 e6 17. Rfd1 Be7 18. Bb6 O-O 19. Rd7 Re8 20. Nd4 Bg6 21. Nb3 Rb8
22. Na5 Bg5 23. f4 Be7 24. Rcd1 Kf8 25. Bxd8 Rexd8 26. Rxd8+ Bxd8 27. Rd7 Bxa5
28. b4 Bb6+ 29. Kf1 Bb1 30. a4 Ba2 31. a5 Bc4+ 32. Ke1 Ke8 33. Rd1 Ba7 34. Be4
Rd8 35. Rxd8+ Kxd8 36. f5 Ke7 37. Kd2 f6 38. exf6+ gxf6 39. g4 Kd6 40. fxe6 Bxe6
41. Kd3 Ke5 42. Bg2 Bd5 43. Bf1 f5 44. gxf5 Kxf5 45. c4 Be4+ 46. Kc3 Kf4 47. b5
axb5 48. cxb5 cxb5 49. Bxb5 Bc6 50. Be2 Kg3 51. Bg4 Bg2 52. Bc8 h5 53. a6 bxa6
54. Bxa6 Bxh3 {White resigns} 0-1

[Event "Team 45 45 League T39"]
[Site "Internet Chess Club"]
[Date "2008.10.25"]
[Round "1"]
[White "Skyler"]
[Black "fibin"]
[Result "0-1"]
[WhiteElo "1383"]
[BlackElo "1545"]
[Opening "Queen's pawn, Mason variation"]
[ECO "D00"]
[Time "11:55:22"]
[TimeControl "2700+45"]

1. d4 d5 2. Bf4 Nc6 3. e3 e6 4. c3 Nf6 5. Nf3 Nh5 6. Bg5 f6 7. Bh4 Bd7 8. Bd3 g6
9. Ne5 Nxe5 10. dxe5 Be7 11. exf6 Nxf6 12. f4 Bc6 13. Nd2 Qd7 14. g4 O-O-O 15.
g5 Nh5 16. Qe2 d4 17. exd4 Bxh1 18. Be4 Bxe4 19. Qxe4 Ng7 20. Nb3 Qc6 21. Qxc6
bxc6 22. Na5 c5 23. Nb3 cxd4 24. Nxd4 Kb7 25. O-O-O Nf5 26. Bg3 Nxd4 27. cxd4
Rd7 28. Kc2 Rhd8 29. Kc3 c5 {White resigns} 0-1

[Event "Team 45 45 League T39"]
[Site "Internet Chess Club"]
[Date "2008.10.22"]
[Round "1"]
[White "Ehab"]
[Black "npranav"]
[Result "1-0"]
[WhiteElo "1983"]
[BlackElo "1628"]
[Opening "Sicilian: Richter-Rauzer, Bondarevsky variation"]
[ECO "B60"]
[Time "18:30:33"]
[TimeControl "2700+45"]

1. e4 c5 2. Nf3 Nc6 3. d4 cxd4 4. Nxd4 d6 5. Nc3 Nf6 6. Bg5 g6 7. Qd2 Bg7 8. Nb3
Bd7 9. Bh6 O-O 10. f3 Ne5 11. Be2 Rc8 12. h4 Qb6 13. g4 Rfd8 14. Bxg7 Kxg7 15.
h5 Rh8 16. O-O-O Nc4 17. Bxc4 Rxc4 18. hxg6 fxg6 19. Qh6+ Kf7 20. Qf4 e5 21. Qd2
Ne8 22. Rh6 Be6 23. Rdh1 Nf6 24. g5 Nh5 25. Nd5 Qb5 26. R1xh5 gxh5 27. g6+ Kg7
28. gxh7 Rxh7 29. Qg5+ Kh8 30. Qf6+ Kg8 31. Rg6+ Rg7 32. Qxg7# {Black
checkmated} 1-0

[Event "Team 45 45 League T39"]
[Site "Internet Chess Club"]
[Date "2008.10.30"]
[Round "1"]
[White "dkinla"]
[Black "Ghashgork"]
[Result "0-1"]
[WhiteElo "1562"]
[BlackElo "1705"]
[Opening "Pirc: classical (two knights) system"]
[ECO "B08"]
[Time "12:05:52"]
[TimeControl "2700+45"]

1. e4 d6 2. d4 Nf6 3. Nc3 g6 4. Nf3 Bg7 5. Be3 Bg4 6. Bc4 O-O 7. O-O Nc6 8. a3
Nd7 9. Be2 Bxf3 10. Bxf3 e5 11. d5 Ne7 12. Be2 f5 13. f3 fxe4 14. fxe4 Rxf1+ 15.
Qxf1 a6 16. Qd1 b6 17. Qf1 a5 18. a4 Nc5 19. Bb5 Qf8 20. b3 Qxf1+ 21. Rxf1 Rf8
22. Bg5 Rxf1+ 23. Kxf1 Kf8 24. Ke2 h6 25. Be3 Ng8 26. Bd3 Ke7 27. g4 Bf6 28. h3
Bh4 29. Bc4 g5 30. Kf3 Be1 31. Ne2 Nd7 32. Bb5 Nf8 33. Nc1 Ng6 34. Nd3 Bc3 35.
Bc1 Nf4 36. Nxf4 exf4 37. Ba3 Kf6 38. Bc1 Ne7 39. h4 Ng6 40. hxg5+ hxg5 41. Be2
Ke5 42. Bd3 Kd4 43. Kg2 Ne5 44. Be2 Kxe4 45. Kf2 Kxd5 46. Kg2 Kd4 47. Kf2 Nc6
48. Kf3 Nb4 49. Bd1 Nd5 50. Kf2 Ne3 51. Bxe3+ fxe3+ 52. Ke2 Bd2 53. Kf3 Kc3 54.
Ke2 Kb2 55. Kd3 d5 56. Bf3 c6 57. Bd1 Ka3 58. Kd4 b5 59. axb5 cxb5 60. Be2 Kb4
61. Kd3 a4 62. bxa4 bxa4 63. Bd1 a3 64. c3+ Bxc3 65. Kc2 a2 {White resigns} 0-1

The game result been set to set game win for mechanicalrook.

As a result of this unfortunate incident (which has happened to others, including me, just not in a T4545 game that I'm aware of), I have sent the web site personnel a suggested "warning" about this disconnected-but-unaware-of-it state that caused this problem.  Players should take heed, and get in the habit of running a command every so often if needed to let the client "check" the connection.

Good luck in the next round!

The game was played with incorrect colors.  The pgn shows the correct game and result.

[Event "Team 45 45 League T39"]
[Site "Internet Chess Club"]
[Date "2008.10.26"]
[Round "1"]
[White "cgrau"]
[Black "Python132"]
[Result "1-0"]
[WhiteElo "1810"]
[BlackElo "1772"]
[Opening "Polish (Sokolsky) opening"]
[ECO "A00"]
[Time "15:00:10"]
[TimeControl "2700+45"]

1. b4 Nf6 2. Bb2 e6 3. b5 d5 4. e3 Bd6 5. Nf3 O-O 6. c4 c6 7. a4 Bd7 8. Qb3 Qe7
9. Nc3 a6 10. Be2 dxc4 11. Bxc4 axb5 12. axb5 Rxa1+ 13. Bxa1 Rc8 14. O-O b6 15.
Bb2 c5 16. Ra1 Be8 17. Ra8 Qb7 18. Qa2 Nbd7 19. Rxc8 Qxc8 20. Bxe6 Bxh2+ 21.
Nxh2 fxe6 22. Qxe6+ Bf7 23. Qc6 Qd8 24. Na4 Bb3 25. Bxf6 gxf6 26. Ng4 Bxa4 27.
Qxd7 Qf8 28. Qe6+ Kg7 29. Qxb6 h5 30. Qa7+ Kg6 31. Qxa4 hxg4 32. Qxg4+ Kf7 33.
Qd7+ Kg6 34. b6 Qa8 35. b7 Qa1+ 36. Kh2 Qe5+ 37. f4 Qh5+ 38. Qh3 {Black resigns}
1-0

[Event "Team 45 45 League T39"]
[Site "Internet Chess Club"]
[Date "2008.10.26"]
[Round "1"]
[White "LOTRELF"]
[Black "crag"]
[Result "1-0"]
[WhiteElo "1672"]
[BlackElo "1573"]
[Opening "English: four knights system"]
[ECO "A28"]
[Time "15:58:32"]
[TimeControl "2700+45"]

1. c4 e5 2. Nc3 Nf6 3. Nf3 Nc6 4. d4 exd4 5. Nxd4 Bb4 6. e3 O-O 7. a4 Re8 8. Be2
Ne4 9. Bd2 Nxd2 10. Qxd2 Nxd4 11. Qxd4 d6 12. O-O Bf5 13. Rac1 Qe7 14. Nd5 Qd7
15. Nxb4 c5 16. Qc3 cxb4 17. Qxb4 Rac8 18. Rfd1 Re6 19. Bf3 b6 20. b3 Qc7 21.
Rd2 Rd8 22. Rcd1 Rh6 23. g3 Kh8 24. e4 Bc8 25. e5 d5 26. Rxd5 Rxd5 27. Qf8#
{Black checkmated} 1-0

[Event "Team 45 45 League T39"]
[Site "Internet Chess Club"]
[Date "2008.10.26"]
[Round "1"]
[White "scar99"]
[Black "Crush1000"]
[Result "1-0"]
[WhiteElo "1650"]
[BlackElo "1347"]
[Opening "English opening"]
[ECO "A20"]
[Time "13:00:14"]
[TimeControl "2700+45"]

1. c4 e5 2. g3 f5 3. Bg2 Nf6 4. d4 Bb4+ 5. Bd2 Bxd2+ 6. Qxd2 exd4 7. Qxd4 O-O 8.
Nc3 Nc6 9. Qd3 Ne5 10. Qxf5 Nxc4 11. Bd5+ Nxd5 12. Qxd5+ Kh8 13. Qxc4 Qf6 14.
Nf3 Qe7 15. Qe4 Qxe4 16. Nxe4 d5 17. Nc3 Bg4 18. O-O Bxf3 19. exf3 Rxf3 20. Nxd5
c6 21. Nf4 Rd8 22. Rad1 {Black resigns} 1-0

[Event "Team 45 45 League T39"]
[Site "Internet Chess Club"]
[Date "2008.10.26"]
[Round "1"]
[White "mightynite"]
[Black "AndersO"]
[Result "1/2-1/2"]
[WhiteElo "1437"]
[BlackElo "1415"]
[Opening "English opening"]
[ECO "A16"]
[Time "17:00:08"]
[TimeControl "2700+45"]

1. c4 Nf6 2. Nc3 g6 3. g3 Bg7 4. Bg2 O-O 5. Nf3 d6 6. O-O e5 7. d3 Nbd7 8. Bd2
Re8 9. b4 a6 10. a4 c6 11. b5 cxb5 12. axb5 Nc5 13. bxa6 Rxa6 14. Qc2 Qe7 15.
Ra2 Be6 16. Rfa1 Rea8 17. Ng5 Bc8 18. Nge4 Nfxe4 19. Nxe4 R8a7 20. Nxc5 dxc5 21.
Bc3 Qc7 22. Qb2 Qb8 23. f4 Rxa2 24. Rxa2 Rxa2 25. Qxa2 exf4 26. Bxg7 Kxg7 27.
Qa1+ Kg8 28. Qe1 fxg3 29. Qxg3 Qxg3 30. hxg3 Bg4 31. Kf2 b6 32. Bf3 Bxf3 33.
exf3 Kg7 34. Ke3 Kf6 35. Ke4 Ke6 36. f4 f5+ 37. Kf3 Kf6 38. Kg2 g5 39. Kh3 gxf4
40. gxf4 Kg6 41. Kh4 Kh6 42. Kg3 Kg6 43. Kh4 h6 44. Kg3 h5 {Game drawn by mutual
agreement} 1/2-1/2

[Event "Team 45 45 League T39"]
[Site "Internet Chess Club"]
[Date "2008.10.26"]
[Round "1"]
[White "Juan73"]
[Black "Lionskins"]
[Result "1-0"]
[WhiteElo "1701"]
[BlackElo "1638"]
[Opening "Sicilian: Taimanov variation"]
[ECO "B46"]
[Time "21:08:02"]
[TimeControl "2700+45"]

1. e4 c5 2. Nc3 a6 3. Nf3 Nc6 4. d4 cxd4 5. Nxd4 e6 6. Be3 h6 7. a3 Qc7 8. f4
Nge7 9. h4 Ng6 10. g3 Rg8 11. h5 Nh8 12. Qd3 Nxd4 13. Bxd4 Bc5 14. O-O-O b5 15.
e5 Bb7 16. Ne4 Bxe4 17. Qxe4 Rc8 18. Bxc5 Qxc5 19. Rh3 a5 20. Qd3 b4 21. Qxd7+
Kf8 22. Qd6+ Qxd6 23. Rxd6 Ke7 24. g4 Rc7 25. axb4 axb4 26. Rb6 Ra8 27. Bd3 Rac8
28. Rxb4 g6 29. hxg6 Nxg6 30. Bxg6 fxg6 31. c3 Rh8 32. Rd4 h5 33. gxh5 gxh5 34.
Rd2 Kf7 35. b3 Rhc8 36. c4 Rb7 37. Kc2 Ra8 38. Kc3 Ra3 39. Rb2 Kg6 40. Kd4 Rd7+
41. Kc5 Ra5+ 42. Kb4 Raa7 43. Kc3 Kf5 44. Rxh5+ Kxf4 45. Rh6 Ra6 46. c5 Rd5 47.
b4 Rxe5 48. Rf2+ Ke3 49. Rff6 Re4 50. Rh3+ Ke2 51. Rh2+ Ke3 52. Kb3 Ra1 53. Rff2
Rb1+ 54. Rb2 Rc1 55. Rhe2+ Kd4 56. Rbd2+ Ke5 57. Rxe4+ Kxe4 58. Ka4 Ke3 59. Rd8
e5 60. Kb5 e4 61. Kb6 Ke2 62. b5 e3 63. c6 Kf2 64. c7 e2 65. Re8 {Black resigns}
1-0

[Event "Team 45 45 League T39"]
[Site "Internet Chess Club"]
[Date "2008.10.25"]
[Round "1"]
[White "Slartibartfast"]
[Black "pedrin"]
[Result "0-1"]
[WhiteElo "1598"]
[BlackElo "1601"]
[Opening "Benko's opening"]
[ECO "A00"]
[Time "13:00:06"]
[TimeControl "2700+45"]

1. g3 e5 2. Bg2 Nc6 3. d3 Nf6 4. Nd2 Bb4 5. a3 Bxd2+ 6. Bxd2 O-O 7. e4 d6 8. Ne2
Bg4 9. h3 Bxe2 10. Qxe2 Nd4 11. Qd1 Qd7 12. c3 Ne6 13. O-O Qb5 14. Qc2 Nc5 15.
d4 exd4 16. cxd4 Nb3 17. Rad1 Nxd2 18. Rxd2 c6 19. Re1 Rae8 20. Re3 Re7 21. Bf1
Qg5 22. f4 Qh5 23. Kg2 d5 24. e5 Ne4 25. Rde2 Rfe8 26. Re1 Nd6 27. Bd3 Nc8 28.
g4 Qh4 29. Rg3 f6 30. Rf1 Nb6 31. g5 fxe5 32. fxe5 Qxd4 33. Bxh7+ Kh8 34. Bg6
Qxe5 35. Bxe8 Rxe8 36. g6 Nc4 37. Qf2 Qe2 38. Kg1 Qxf2+ 39. Rxf2 b6 40. Rgf3 Kg8
41. Rf7 a5 42. Rc7 c5 43. Rff7 Nxb2 44. Rxg7+ Kh8 45. Rh7+ Kg8 46. Rh5 Re6 47.
Rg5 d4 48. Rd7 Nc4 49. g7 Nd6 50. h4 Ne8 51. h5 Nf6 52. h6 Re1+ 53. Kf2 Re8 54.
Kf1 Nxd7 {White resigns} 0-1

[Event "Team 45 45 League T39"]
[Site "Internet Chess Club"]
[Date "2008.10.25"]
[Round "1"]
[White "Kravier"]
[Black "manzeer"]
[Result "1-0"]
[WhiteElo "1507"]
[BlackElo "1564"]
[Opening "Réti opening"]
[ECO "A04"]
[Time "20:17:31"]
[TimeControl "2700+45"]

1. Nf3 g6 2. d4 Bg7 3. e3 e6 4. Be2 Nf6 5. O-O O-O 6. c4 b6 7. Nc3 Bb7 8. b4 d5
9. c5 a5 10. bxa5 bxc5 11. Ba3 Rxa5 12. Bxc5 Rxc5 13. dxc5 Ne4 14. Nxe4 Bxa1 15.
Qxa1 dxe4 16. Nd4 Qd5 17. Nb3 Na6 18. Rd1 Qc6 19. Bxa6 Bxa6 20. Qd4 Bd3 21. Nc1
Ra8 22. Nxd3 exd3 23. Qc4 Qa4 24. Qxd3 Qxa2 25. h4 Qb2 26. Rb1 Ra1 27. Rxa1
Qxa1+ 28. Qf1 Qa4 29. g3 Qb4 30. Qc1 Kf8 31. Qa1 h5 32. Qd4 Qxd4 33. exd4 Ke7
34. Kg2 Kd7 35. Kf3 Kc6 36. Ke4 f6 37. f4 Kb5 38. Kd3 Kc6 39. Kc4 f5 40. d5+
exd5+ 41. Kd4 Kb5 42. Kxd5 c6+ 43. Kd6 {Black resigns} 1-0

[Event "Team 45 45 League T39"]
[Site "Internet Chess Club"]
[Date "2008.10.24"]
[Round "1"]
[White "GadsHill"]
[Black "PANAMA-REY"]
[Result "1/2-1/2"]
[WhiteElo "1543"]
[BlackElo "1567"]
[Opening "QGD Slav: 3.Nf3"]
[ECO "D11"]
[Time "17:30:05"]
[TimeControl "2700+45"]

1. d4 d5 2. c4 c6 3. Nf3 Nf6 4. Qc2 Bg4 5. g3 e6 6. Bg2 Nbd7 7. Bf4 Bb4+ 8. Nbd2
Ba5 9. O-O Nh5 10. e3 Nxf4 11. exf4 O-O 12. Nb3 Bc7 13. Rac1 h6 14. Rfe1 Rc8 15.
Qd2 Nb6 16. Na5 Rb8 17. c5 Nd7 18. b4 Nf6 19. Ne5 Bf5 20. f3 Nd7 21. Bf1 Nxe5
22. fxe5 Re8 23. Nb3 Qd7 24. a4 a6 25. b5 axb5 26. axb5 Bd8 27. Ra1 b6 28. Qb4
Be7 29. bxc6 Qxc6 30. Bb5 bxc5 31. Bxc6 Rxb4 32. Bxe8 Rxb3 33. Ra8 Kh7 34. Bxf7
Bh3 35. Bh5 cxd4 36. Bg4 Bxg4 37. fxg4 Bc5 38. Kg2 d3 39. Ra2 Bb4 40. Rd1 d2 41.
Kf2 d4 42. Ke2 d3+ 43. Ke3 Kg6 44. Raxd2 Bxd2+ 45. Rxd2 Kg5 46. h3 h5 47. Rxd3
Rb4 48. gxh5 Kxh5 49. Rd4 Rb3+ 50. Kf4 g5+ 51. Ke4 Rb8 {Game drawn by mutual
agreement} 1/2-1/2

[Event "Team 45 45 League T39"]
[Site "Internet Chess Club"]
[Date "2008.10.27"]
[Round "1"]
[White "DrewA"]
[Black "polsigns"]
[Result "1-0"]
[WhiteElo "1682"]
[BlackElo "1634"]
[Opening "QGD semi-Slav: 5.e3"]
[ECO "D45"]
[Time "12:01:56"]
[TimeControl "2700+45"]

1. d4 d5 2. c4 c6 3. Nc3 e6 4. e3 Nf6 5. Nf3 Bd6 6. Bd3 dxc4 7. Bxc4 b5 8. Bb3
Nbd7 9. O-O O-O 10. Re1 Qc7 11. e4 Bb4 12. e5 Nd5 13. Nxd5 cxd5 14. Bd2 Be7 15.
Rc1 Qb8 16. Bg5 f6 17. Bh4 Bb4 18. exf6 Nxf6 19. Re5 Ng4 20. Rg5 Qf4 21. Bg3 Qf7
22. Rxg4 Be7 23. Ne5 Qe8 24. Bc2 Bf6 25. Qd3 g6 26. Nxg6 hxg6 27. Rxg6+ Kf7 28.
Bd6 Rh8 29. Rxf6+ Kxf6 30. Qf3+ Kg7 31. Be5+ Kg8 32. Qg4+ Kf7 33. Qg7# {Black
checkmated} 1-0

[Event "Team 45 45 League T39"]
[Site "Internet Chess Club"]
[Date "2008.10.26"]
[Round "1"]
[White "UglyJames"]
[Black "slipkid"]
[Result "0-1"]
[WhiteElo "1263"]
[BlackElo "1514"]
[Opening "Caro-Kann: advance variation"]
[ECO "B12"]
[Time "13:00:01"]
[TimeControl "2700+45"]

1. e4 c6 2. d4 d5 3. e5 Bf5 4. Nc3 e6 5. Nf3 Nd7 6. Bd3 Bxd3 7. Qxd3 c5 8. O-O
cxd4 9. Nxd4 Nxe5 10. Qe3 Bd6 11. Re1 Nf6 12. f4 Nc4 13. Nxe6 fxe6 14. Kf1 Nxe3+
15. Rxe3 Qd7 16. f5 O-O 17. fxe6 Ne4+ 18. Kg1 Qxe6 19. Ne2 Bc5 20. Bd2 Nxd2 21.
Kh1 Qxe3 22. Ng3 Rf1+ 23. Rxf1 Nxf1 24. Ne2 Qxe2 25. h4 Ng3+ 26. Kh2 Bf2 27. Kh3
g5 28. a4 g4+ 29. Kh2 Qe1 30. b4 Qh1# {White checkmated} 0-1

[Event "Team 45 45 League T39"]
[Site "Internet Chess Club"]
[Date "2008.10.26"]
[Round "1"]
[White "Fogbound"]
[Black "Maxfield"]
[Result "1-0"]
[WhiteElo "1331"]
[BlackElo "1158"]
[Opening "Queen's bishop game"]
[ECO "D02"]
[Time "16:00:25"]
[TimeControl "2700+45"]

1. d4 Nf6 2. Nf3 d5 3. Bf4 e6 4. e3 Bd6 5. Bg3 O-O 6. Bd3 Re8 7. Ne5 c5 8. c3 c4
9. Bc2 Nc6 10. Nd2 Qc7 11. Ndf3 b6 12. O-O Bb7 13. Ng5 Nxe5 14. f4 Ng6 15. h4
Ne4 16. Bh2 Nxg5 17. hxg5 e5 18. fxe5 Bxe5 19. dxe5 Nxe5 20. Bxh7+ Kxh7 21. Qh5+
Kg8 22. g6 fxg6 23. Qd1 Rf8 24. Qd4 Nf3+ 25. Rxf3 Rxf3 26. Bxc7 Rf7 27. Bf4 Re8
28. Rf1 Re4 29. Qd2 b5 30. Qc1 Re6 31. Qd2 Ref6 32. Qd4 g5 33. Qe5 gxf4 34. Rxf4
Rxf4 35. exf4 Rf8 36. Qe6+ Kh8 37. Qe7 Rb8 38. Qc5 a6 39. Qa7 {Black resigns}
1-0

[Event "Team 45 45 League T39"]
[Site "Internet Chess Club"]
[Date "2008.10.27"]
[Round "1"]
[White "Sleete"]
[Black "pestka"]
[Result "1-0"]
[WhiteElo "2182"]
[BlackElo "2199"]
[Opening "Grünfeld: Russian variation"]
[ECO "D97"]
[Time "04:02:55"]
[TimeControl "2700+45"]

1. d4 Nf6 2. c4 g6 3. Nc3 d5 4. Qb3 dxc4 5. Qxc4 Bg7 6. Nf3 O-O 7. g3 a6 8. Bf4
c6 9. Bg2 Nd5 10. Nxd5 cxd5 11. Qb3 Nc6 12. O-O b5 13. Rac1 Bb7 14. Rfd1 Qb6 15.
Ne5 Rfd8 16. Qe3 e6 17. Nxc6 Bxc6 18. Be5 Bf8 19. Qf4 f5 20. Qh4 Rd7 21. Qf6 Bb7
22. Qh8+ Kf7 23. Qxh7+ Ke8 24. Qxg6+ Kd8 25. Bf6+ Re7 26. Rc5 Kd7 27. Rdc1 Rc8
28. Rxc8 Bxc8 29. Bxe7 Bxe7 30. Bxd5 Qxd4 {Black resigns} 1-0

[Event "Team 45 45 League T39"]
[Site "Internet Chess Club"]
[Date "2008.10.25"]
[Round "1"]
[White "eurander"]
[Black "BigBadPawn"]
[Result "1-0"]
[WhiteElo "2214"]
[BlackElo "1938"]
[Opening "Queen's pawn game, Darooha variation "]
[ECO "D02"]
[Time "10:02:31"]
[TimeControl "2700+45"]

1. d4 d5 2. Nf3 Nf6 3. c3 c6 4. Bg5 Nbd7 5. Nbd2 e6 6. e4 h6 7. Bxf6 Nxf6 8. e5
Nd7 9. Bd3 Qb6 10. b4 Be7 11. Nb3 O-O 12. O-O Qc7 13. a4 b6 14. a5 Bb7 15. a6
Bc8 16. Qe2 b5 17. Nfd2 Nb8 18. f4 Nxa6 19. g4 g6 20. f5 exf5 21. gxf5 gxf5 22.
Bxf5 Bxf5 23. Rxf5 Qc8 24. Qh5 Nc7 25. Raf1 Qe6 26. Rf6 Bxf6 27. Rxf6 Qxf6 28.
exf6 Kh7 29. Qf5+ Kh8 30. Qf4 Rg8+ 31. Kf2 {Black resigns} 1-0

[Event "Team 45 45 League T39"]
[Site "Internet Chess Club"]
[Date "2008.11.02"]
[Round "1"]
[White "HocusPocus"]
[Black "VanillaQueen"]
[Result "1/2-1/2"]
[WhiteElo "1970"]
[BlackElo "1882"]
[Opening "Scandinavian (center counter) defense"]
[ECO "B01"]
[Time "02:59:50"]
[TimeControl "2700+45"]

1. e4 d5 2. exd5 Qxd5 3. Nc3 Qa5 4. d4 c6 5. Nf3 Nf6 6. Be2 Bf5 7. O-O e6 8. Ne5
Nbd7 9. Nc4 Qc7 10. Bf3 Nb6 11. Ne5 Bd6 12. Bf4 O-O-O 13. Bg3 h5 14. Qe2 h4 15.
Bf4 Nfd5 16. Nxd5 Nxd5 17. Bxd5 exd5 18. Qd2 f6 19. Nd3 Bxd3 20. Bxd6 Qxd6 21.
Qxd3 Rde8 22. Rae1 Qb4 23. c3 Qxb2 24. Rb1 Qe2 25. Qf5+ Qe6 {Game drawn by
mutual agreement} 1/2-1/2

[Event "Team 45 45 League T39"]
[Site "Internet Chess Club"]
[Date "2008.10.26"]
[Round "1"]
[White "tourettes"]
[Black "jefferyx"]
[Result "1-0"]
[WhiteElo "1732"]
[BlackElo "1885"]
[Opening "Sicilian: closed"]
[ECO "B24"]
[Time "10:37:51"]
[TimeControl "2700+45"]

1. e4 c5 2. Nc3 Nc6 3. g3 g6 4. Bg2 Bg7 5. Nge2 d6 6. O-O Nf6 7. d3 O-O 8. h3
Nd7 9. Be3 Rb8 10. Qd2 Nb6 11. Bh6 e6 12. Bxg7 Kxg7 13. f4 f5 14. Kh2 Bd7 15. a3
a6 16. Nd1 Qf6 17. c3 Na5 18. Rb1 Nb3 19. Qc2 Ba4 20. Nc1 Nxc1 21. Qxc1 Bb3 22.
Ne3 a5 23. Qd2 c4 24. Rbe1 Rfe8 25. exf5 exf5 26. Nd5 Nxd5 27. Bxd5 b5 28. Bc6
Rxe1 29. Rxe1 cxd3 30. Qxd3 Bc4 31. Qe3 Rc8 32. Qa7+ Kh8 33. Qb7 Qf8 34. Qb6 a4
35. Bxb5 Rb8 36. Qd4+ Qg7 37. Qxg7+ Kxg7 38. Bxc4 Rxb2+ 39. Kg1 Rc2 40. Re3 Rc1+
41. Kg2 Ra1 42. Re7+ Kf6 43. Rf7# {Black checkmated} 1-0

[Event "Team 45 45 League T39"]
[Site "Internet Chess Club"]
[Date "2008.10.26"]
[Round "1"]
[White "VNKN"]
[Black "bbentrup"]
[Result "0-1"]
[WhiteElo "2000"]
[BlackElo "2197"]
[Opening "Caro-Kann: Tartakower (fantasy) variation"]
[ECO "B12"]
[Time "19:04:28"]
[TimeControl "2700+45"]

1. e4 c6 2. d4 d5 3. f3 dxe4 4. fxe4 e5 5. Nf3 Bg4 6. Bc4 Nd7 7. O-O Ngf6 8. Qd3
Bd6 9. Ng5 O-O 10. Qb3 Bh5 11. Qxb7 exd4 12. Qxc6 Ne5 13. Qa4 Qc7 14. Bd5 Rac8
15. c3 h6 16. Nh3 Nd3 17. Bd2 Nxd5 18. exd5 Be2 19. Na3 Nxb2 20. Qb3 Rb8 21. Qc2
d3 22. Qc1 Bxa3 23. Bxh6 gxh6 24. Qxh6 Qb6+ 25. Qxb6 Rxb6 26. Rf5 d2 27. Nf2 Bc5
28. h4 d1=Q+ 29. Rxd1 Nxd1 30. h5 Nxf2 31. Rxf2 Rb1+ 32. Kh2 Bxf2 33. h6 {White
resigns} 0-1